 Dungeon Crawl Stone Soup version 0.17-a0-2231-gd80ca38 (webtiles) character file.

7536 tp1 the Thaumaturge (level 10, -22/56 HPs)
             Began as a Deep Elf Wizard on Oct 28, 2015.
             Was a Believer of Vehumet.
             Killed by the air
             ... invoked by Gastronok
              (32 damage)
             ... on level 9 of the Dungeon on Oct 29, 2015.
             The game lasted 02:01:36 (18679 turns).

tp1 the Thaumaturge (Deep Elf Wizard)              Turns: 18679, Time: 02:01:38

Health: -22/56     AC: 10    Str:  4    XL:     10   Next: 96%
Magic:  5/29       EV: 11    Int: 32    God:    Vehumet [**....]
Gold:   561        SH:  4    Dex: 13    Spells: 7 memorised, 21 levels left

rFire  + . .     SeeInvis .     s - +4 short sword
rCold  x . .     Clarity  .     N - +0 leather armour
rNeg   . . .     SustAt   .     L - +0 buckler
rPois  .         Gourm    .     W - +0 helmet
rElec  .         Spirit   .     U - +2 cloak
rCorr  .         Warding  .     Y - +0 pair of gloves
rMut   .         Stasis   .     (no boots)
MR     +....                    (no amulet)
Stlth  ++........               (no ring)
                                z - ring of fire

@: brilliant, repel missiles, somewhat resistant to hostile enchantments,
unstealthy
A: thin metallic scales 1
a: Renounce Religion


You were on level 9 of the Dungeon.
You worshipped Vehumet.
Vehumet was pleased with you.
You were hungry.

You visited 3 branches of the dungeon, and saw 11 of its levels.

You collected 561 gold pieces.

Inventory:

Hand Weapons
 s - a +4 short sword (weapon)
 T - a +4 quarterstaff of chaos
Missiles
 e - 6 poisoned javelins (quivered)
Armour
 L - a +0 buckler (worn)
 N - a +0 leather armour (worn)
 U - a +2 cloak (worn)
 W - a +0 helmet (worn)
 Y - a +0 pair of gloves (worn)
Jewellery
 h - an uncursed amulet of clarity
 z - a ring of fire (left hand)
 M - an uncursed ring of protection from cold
Wands
 J - a wand of digging (11)
Scrolls
 b - a scroll of remove curse
 j - 2 scrolls of recharging
 n - a scroll of teleportation
 p - a scroll of fog {unknown}
 w - a scroll of enchant armour {unknown}
 A - a scroll of fear {unknown}
 B - 2 scrolls of enchant weapon {unknown}
 D - 6 scrolls of identify
 F - a scroll of noise {unknown}
 G - 2 scrolls of immolation {unknown}
 I - a scroll of random uselessness {unknown}
 R - a scroll of blinking {unknown}
 V - a scroll of magic mapping {unknown}
Potions
 a - a potion of might {unknown}
 f - a potion of curing
 i - 3 potions of cure mutation {unknown}
 k - 3 potions of flight
 l - a potion of magic {unknown}
 m - a potion of haste {unknown}
 o - 2 potions of degeneration {unknown}
 S - a potion of poison {unknown}
Books
 c - a book of Minor Magic

   Spells                             Type                      Level
   a - Magic Dart                     Conjuration                  1
   b - Blink                          Translocation                2
   c - Call Imp                       Summoning                    2
   d - Repel Missiles                 Charms/Air                   2
   e - Slow                           Hexes                        2
   f - Conjure Flame                  Conjuration/Fire             3
   g - Mephitic Cloud                 Conjuration/Poison/Air       3
 K - a book of Changes

   Spells                             Type                      Level
   a - Beastly Appendage              Transmutation                1
   b - Sticks to Snakes               Transmutation                2
   c - Spider Form                    Transmutation/Poison         3
   d - Ice Form                       Ice/Transmutation            4
   e - Blade Hands                    Transmutation                5
 P - a book of Clouds

   Spells                             Type                      Level
   a - Mephitic Cloud                 Conjuration/Poison/Air       3
   b - Conjure Flame                  Conjuration/Fire             3
   c - Poisonous Cloud                Conjuration/Poison/Air       6
   d - Freezing Cloud                 Conjuration/Ice/Air          6
   e - Ring of Flames                 Charms/Fire                  7
 Q - a book of Cantrips

   Spells                             Type                      Level
   a - Corona                         Hexes                        1
   b - Animate Skeleton               Necromancy                   1
   c - Summon Small Mammal            Summoning                    1
   d - Apportation                    Translocation                1
Comestibles
 d - 7 bread rations
 q - 3 fruits
 r - 8 slices of pizza
 t - 2 royal jellies
 v - 5 meat rations
 H - 3 beef jerkies


   Skills:
 - Level 3.0 Fighting
 - Level 4.0 Short Blades
 - Level 2.0 Armour
 - Level 2.4 Dodging
 - Level 2.4 Stealth
 - Level 3.3 Shields
 + Level 13.6 Spellcasting
 - Level 5.2 Conjurations
 - Level 8.0 Charms
 - Level 1.1 Summonings
 - Level 1.1 Translocations
 - Level 8.0 Fire Magic
 - Level 1.5 Air Magic
 - Level 2.5 Poison Magic


You had 21 spell levels left.
You knew the following spells:

 Your Spells              Type           Power        Failure   Level  Hunger
a - Magic Dart            Conj           ####         1%          1    None
b - Conjure Flame         Conj/Fire      #######.     1%          3    None
c - Mephitic Cloud        Conj/Pois/Air  ######..     1%          3    None
d - Blink                 Tloc           N/A          1%          2    None
e - Call Imp              Summ           #####...     1%          2    None
f - Repel Missiles        Chrm/Air       ######       1%          2    None
g - Slow                  Hex            #####...     1%          2    None


Dungeon Overview and Level Annotations

Branches:
Dungeon (9/15)             Temple (1/1) D:7            Lair (1/8) D:8
    Orc: D:9-12

Altars:
Ashenzari
Cheibriados
Dithmenos
Elyvilon
Fedhas
Gozag
Kikubaaqudgha
Makhleb
Nemelex Xobeh
Okawaru
Ru
Sif Muna
Trog
Vehumet
Zin

Shops:
D:5 *

Annotations:
D:3 Grinder
D:9 Gastronok


Innate Abilities, Weirdness & Mutations

You are partially covered in thin metallic scales (AC +2).


Message History

Casting: Magic Dart
Confirm with . or Enter, or press ? or * to list all spells.
Aiming: Magic Dart
Press: ? - help, Shift-Dir - straight line, f/p - Gastronok
Aim: Gastronok, wearing a hat (flame, almost dead, covering ground quickly)
The magic dart hits Gastronok.
Gastronok is almost dead.
Your crimson imp hits Gastronok.
Casting: Magic Dart
Confirm with . or Enter, or press ? or * to list all spells.
Aiming: Magic Dart
Press: ? - help, Shift-Dir - straight line, f/p - Gastronok
Aim: Gastronok, wearing a hat (almost dead, covering ground quickly)
The magic dart hits Gastronok.
Gastronok is almost dead.
Your crimson imp hits Gastronok.
Gastronok waves his eye-stalks in wide circles.
The air twists around and strikes you!
Ouch! That really hurt!
You die...

#...w# #....#
#....###.
#........
#........ #......#
#5# .# #w####.#
#@5....# #......#
#......###########
#.................
#.#...............
#.#............)..
#..........###....
#..........# #....
#..........# #....


You could see Gastronok, a crimson imp and a friendly crimson imp.

Vanquished Creatures
  Erolcha (D:8)
  Urug (Lair:1)
  A human (D:7)
  Grum (D:8)
  3 wolves (D:8)
  3 sky beasts
  A porcupine (Lair:1)
  2 water moccasins
  4 phantoms
  2 ice beasts
  2 orc warriors (D:8)
  A necrophage (D:9)
  9 ogres
  2 centaurs (D:9)
  A crocodile (D:8)
  A gnoll sergeant (D:5)
  4 giant frogs
  A water moccasin zombie (D:5)
  A wyvern zombie (D:9)
  3 scorpions
  A giant frog zombie (D:5)
  3 crimson imps
  4 wights (D:7)
  A jelly (D:8)
  2 centaur zombies
  3 centaur skeletons
  Crazy Yiuf (D:6)
  7 orc priests
  3 hounds
  2 iguanas
  2 giant frog skeletons
  7 orc wizards
  4 gnoll shamans (D:4)
  Natasha (thrice) (D:2)
  4 sheep (D:7)
  8 worker ants
  A killer bee zombie (D:8)
  A mummy (D:4)
  A hound skeleton (D:7)
  14 adders
  57 gnolls
  A shadow imp (D:9)
  2 oozes (D:4)
  4 adder skeletons
  3 worms
  4 giant geckos
  44 orcs
  3 ball pythons
  4 giant cockroaches
  7 hobgoblins
  2 quokkas
  6 bats
  2 giant gecko skeletons
  7 giant newts
  13 goblins
  36 jackals
  2 jackal skeletons
  4 kobolds
  2 quokka skeletons (D:4)
  A quokka zombie (D:7)
  9 rats
  A fungus (D:6)
330 creatures vanquished.

Vanquished Creatures (others)
  A human (D:7)
  A jackal (D:4)
2 creatures vanquished.

Grand Total: 332 creatures vanquished

Notes
Turn   | Place    | Note
--------------------------------------------------------------
     0 | D:1      | tp1 the Deep Elf Wizard began the quest for the Orb.
     0 | D:1      | Reached XP level 1. HP: 10/10 MP: 7/7
   159 | D:1      | Reached skill level 5 in Spellcasting
   210 | D:1      | Reached XP level 2. HP: 15/15 MP: 6/10
   767 | D:1      | Reached XP level 3. HP: 19/19 MP: 9/12
   772 | D:1      | Learned a level 3 spell: Conjure Flame
   776 | D:1      | Learned a level 3 spell: Mephitic Cloud
  1184 | D:2      | Reached skill level 6 in Spellcasting
  1187 | D:2      | Noticed Natasha
  1509 | D:2      | Killed Natasha
  1509 | D:2      | Reached XP level 4. HP: 24/24 MP: 5/14
  1608 | D:2      | Found a burning altar of Makhleb.
  1917 | D:2      | Found a sacrificial altar of Ru.
  2007 | D:2      | Noticed Natasha
  2009 | D:2      | Killed Natasha
  2048 | D:2      | Noticed Natasha
  2049 | D:2      | Killed Natasha
  2117 | D:2      | Reached XP level 5. HP: 28/28 MP: 6/15
  2588 | D:2      | Found a sacrificial altar of Ru.
  2675 | D:2      | Found a burning altar of Makhleb.
  3106 | D:3      | Reached skill level 5 in Conjurations
  3368 | D:3      | Found a shadowy altar of Dithmenos.
  3375 | D:3      | Reached skill level 1 in Air Magic
  3477 | D:3      | Found an ancient bone altar of Kikubaaqudgha.
  3564 | D:3      | Reached XP level 6. HP: 32/32 MP: 3/17
  3646 | D:3      | Noticed Grinder
  3768 | D:4      | Reached skill level 7 in Spellcasting
  3926 | D:3      | Found a bloodstained altar of Trog.
  4191 | D:3      | Found a sparkling altar of Nemelex Xobeh.
  4191 | D:3      | Found a shattered altar of Ashenzari.
  4249 | D:3      | Found an ancient bone altar of Kikubaaqudgha.
  4369 | D:3      | Reached skill level 8 in Spellcasting
  4540 | D:4      | Reached XP level 7. HP: 20/36 MP: 11/20
  4604 | D:4      | Reached skill level 1 in Fire Magic
  4699 | D:4      | Upgraded the game from 0.17-a0-2220-g6fea741 to 0.17-a0-2231-gd80ca38
  4834 | D:4      | Learned a level 2 spell: Blink
  4837 | D:4      | Learned a level 2 spell: Call Imp
  4840 | D:4      | Learned a level 2 spell: Repel Missiles
  4843 | D:4      | Learned a level 2 spell: Slow
  5749 | D:4      | Reached skill level 5 in Fire Magic
  5916 | D:4      | Reached skill level 1 in Short Blades
  6024 | D:4      | Reached XP level 8. HP: 20/41 MP: 11/22
  6812 | D:4      | Reached skill level 1 in Charms
  9082 | D:5      | Entered Level 5 of the Dungeon
  9760 | D:5      | Found Quxiparpho's Assorted Antiques.
  9831 | D:5      | Reached skill level 9 in Spellcasting
  9877 | D:5      | HP: 1/41 [gnoll sergeant/spear of venom (14)]
 10436 | D:5      | Reached skill level 10 in Spellcasting
 10436 | D:5      | Reached XP level 9. HP: 25/45 MP: 0/25
 11110 | D:5      | Reached skill level 11 in Spellcasting
 11199 | D:5      | Reached skill level 1 in Poison Magic
 11438 | D:5      | Found Quxiparpho's Assorted Antiques.
 11752 | D:6      | Gained mutation: You are partially covered in thin metallic scales (AC +2). [mutagenic meat]
 12031 | D:6      | Found a deep blue altar of Sif Muna.
 12048 | D:6      | Reached skill level 1 in Shields
 12563 | D:6      | Noticed Crazy Yiuf
 12577 | D:6      | Killed Crazy Yiuf
 12659 | D:7      | Found an ancient bone altar of Kikubaaqudgha.
 12669 | D:7      | Found a staircase to the Ecumenical Temple.
 12679 | Temple   | Entered the Ecumenical Temple
 12697 | Temple   | Became a worshipper of Vehumet
 13273 | D:7      | Reached skill level 1 in Fighting
 13767 | D:7      | Reached skill level 1 in Armour
 14266 | D:7      | Found a staircase to the Ecumenical Temple.
 14337 | D:7      | Found an ancient bone altar of Kikubaaqudgha.
 14518 | D:8      | Found a staircase to the Lair.
 14662 | D:8      | Noticed Erolcha
 14690 | D:8      | Killed Erolcha
 14690 | D:8      | Reached XP level 10. HP: 56/56 MP: 4/27
 15045 | D:8      | Reached * piety under Vehumet
 15045 | D:8      | Offered knowledge of Flame Tongue by Vehumet.
 15309 | D:8      | Noticed Grum
 15328 | D:8      | Killed Grum
 16486 | D:8      | Found a staircase to the Lair.
 16890 | Lair:1   | Entered Level 1 of the Lair of Beasts
 16891 | Lair:1   | Noticed Urug
 16908 | Lair:1   | Killed Urug
 16908 | Lair:1   | Reached skill level 12 in Spellcasting
 18101 | D:9      | Reached skill level 13 in Spellcasting
 18202 | D:8      | Offered knowledge of Sting by Vehumet.
 18210 | D:8      | Reached ** piety under Vehumet
 18644 | D:9      | Noticed Gastronok
 18679 | D:9      | Killed from afar by Gastronok

Vault maps used:
D:1:      lightli_arrival_chessboard, minmay_misc_feat_roman
D:2:      lemuel_crystal_altar, makhleb_heckhound_becter, kennysheep_boxes,
          uniq_natasha
D:3:      lemuel_crystal_altar, minitemple, old_standard_altar,
          minmay_misc_feat_tower, trog_hazing_becter, uniq_grinder
D:4:      lemuel_castle_with_subvaults, gup_ossuary_entry_pyramid
D:5:      serial_shops, shop, first_bread
D:6:      kennysheep_mini_moat, uniq_crazy_yiuf_cottage
D:7:      minmay_temple_entry_junction, grunt_livestock, tgw_kikubaaqudgha
D:8:      lair_0_dummy, uniq_erolcha, uniq_grum
D:9:      uniq_gastronok
Temple:   zaba_magenta_temple_12
Lair:1:   serial_bayou_shore_a, uniq_urug

Action                   |  1- 3 |  4- 6 |  7- 9 | 10-12 || total
-------------------------+-------+-------+-------+-------++-------
Melee: Unarmed           |     2 |       |       |       ||     2
       Dagger            |       |     3 |    67 |       ||    70
       Short sword       |       |       |       |    12 ||    12
Throw: Javelin           |     4 |       |       |       ||     4
 Cast: Magic Dart        |    90 |   157 |   732 |   334 ||  1313
       Conjure Flame     |     1 |     6 |    35 |    15 ||    57
       Mephitic Cloud    |       |     8 |    42 |     9 ||    59
       Call Imp          |       |       |     2 |     3 ||     5
       Repel Missiles    |       |       |     2 |       ||     2
       Blink             |       |       |     2 |     1 ||     3
  Use: Scroll            |       |     3 |     5 |       ||     8
       Potion            |       |       |     3 |     3 ||     6
 Stab: Confused          |       |     1 |       |       ||     1
  Eat: Chunk             |     2 |     9 |    20 |     9 ||    40
       Bread ration      |       |       |     2 |       ||     2
       Fruit             |       |       |     3 |     3 ||     6
